 Dungeon Crawl Stone Soup version 0.30-a0-793-g160f7cfddd (webtiles) character file.

Game seed: 3419730428765029638

773 kingofthe the Conjurer (level 7, -7/36 HPs)
             Began as a Deep Elf Conjurer on Feb 20, 2023.
             Was a Follower of Sif Muna.
             Mangled by an orc warrior
             ... wielding a +0 scimitar
              (17 damage)
             ... on level 5 of the Dungeon.
             The game lasted 00:10:03 (4952 turns).

kingofthe the Conjurer (Deep Elf Conjurer)          Turns: 4952, Time: 00:10:04

Health: -7/36      AC:  4    Str:  4    XL:     7   Next: 53%
Magic:  2/17       EV: 19    Int: 23    God:    Sif Muna [*.....]
Gold:   314        SH:  0    Dex: 15    Spells: 10/17 levels left

rFire   . . .      SeeInvis .    p - +1 hand axe (venom)
rCold   . . .      Faith    .    (no shield)
rNeg    . . .      Spirit   .    a - +0 robe
rPois   .          Reflect  .    (no helmet)
rElec   .          Harm     .    (no cloak)
rCorr   .          Rampage  .    (no gloves)
Will    .....                    g - +1 pair of boots
Stlth   +++                      (no amulet)
HPRegen 0.26/turn                E - +5 ring of evasion
MPRegen 0.15/turn                Y - +4 ring of slaying

@: no status effects
A: no striking features
a: Renounce Religion, Channel Magic


You were on level 5 of the Dungeon.
You worshipped Sif Muna.
Sif Muna was aware of your devotion.
You visited 2 branches of the dungeon, and saw 6 of its levels.

You collected 314 gold pieces.


   Skills:
 * Level 5.8 Dodging
 + Level 4.8 Stealth
 + Level 5.8 Spellcasting
 + Level 6.1 Conjurations
 * Level 3.2 Fire Magic


You had 10 spell levels left.
You knew the following spells:

 Your Spells              Type           Power      Damage    Failure   Level
a - Magic Dart            Conj           100%       1d8       1%          1
b - Searing Ray           Conj           68%        2d6       1%          2
c - Sticky Flame          Conj/Fire      28%        2d5       13%         4

Your spell library contained the following spells:

 Spells                   Type           Power      Damage    Failure   Level
 Dazzling Flash           Conj/Hex       40%        N/A       8%          3
 Ignite Poison            Fire/Tmut/Pois 11%        N/A       17%         3
 Kindle Blastsparks       Fire/Tloc/Air  22%        2d11      17%         3
 Fulminant Prism          Conj/Hex       10%        3d8       24%         4
 Iskenderun's Mystic Bla  Conj/Tloc      20%        2d6       24%         4
 Freezing Cloud           Conj/Ice/Air   8%         6-21      71%         5
 Ignition                 Fire           10%        3d5       100%        8

Inventory:

Hand Weapons
 p - a +1 hand axe of venom (weapon)
 v - a +1 mace of protection
 w - a +1 dagger of venom
Missiles
 t - 2 throwing nets {=f}
Armour
 a - a +0 robe (worn)
 g - a +1 pair of boots (worn)
 y - a +0 buckler
Jewellery
 E - a +5 ring of evasion (left hand)
 R - a ring of resist corrosion
 Y - a +4 ring of slaying (right hand)
Wands
 A - a wand of light (5)
Scrolls
 c - 2 scrolls of amnesia {unknown}
 d - a scroll of teleportation {unknown}
 f - 2 scrolls of fear {unknown}
 i - a scroll of fog {unknown}
 k - a scroll of immolation {unknown}
 m - a scroll of poison {unknown}
 o - 2 scrolls of identify {unknown}
 q - a scroll of magic mapping {unknown}
 z - a scroll of enchant armour {unknown}
Potions
 b - 2 potions of magic
 e - 4 potions of haste {unknown}
 h - 3 potions of flight {unknown}
 j - a potion of cancellation {unknown}
 l - a potion of attraction {unknown}
 n - a potion of invisibility {unknown}
 r - 2 potions of resistance {unknown}
 s - a potion of curing {unknown}
 u - a potion of lignification {unknown}
 x - a potion of brilliance {unknown}

Dungeon Overview and Level Annotations

Branches:
Dungeon (5/15)             Temple (1/1) D:4

Altars:
Elyvilon
Fedhas
Gozag
Hepliaklqana
Kikubaaqudgha
Makhleb
Nemelex Xobeh
Qazlal
Ru
Sif Muna
Trog
Uskayaw
Vehumet
Wu Jian
Xom
Zin
The Shining One

##.##.....#..
##########..####......
....<............#.▒.#
#)......#..##..▒.#...#
#######.#.####........
##...####.##.....
##.........#......
#..##.......▒(###.
#@###.........#... #o#
#.[>......#### #.#
#.........# # #..#
#.........# # ...##
#.........# ..##.
#.........# #. ##
###.......# #
...#####.### ≈≈. #...#


You could see an orc warrior.


Message History

You finish channelling your searing ray.
The orc warrior barely misses you.
You now have 6/17 mp.
Casting: Searing Ray (safe; 1% risk of failure)
Confirm with . or Enter, or press ? or * to list all spells.
Aiming: Searing Ray (safe; 1% risk of failure)
Press: ? - help, Shift-Dir - straight line, f/p - orc warrior
Aim: an orc warrior, wielding a +0 scimitar and wearing a +0 chain mail (moderately wounded, 78% to hit)
The searing ray hits the orc warrior.
The orc warrior is heavily wounded. (Press . to maintain the ray.)
The orc warrior hits you with a +0 scimitar!
You take 11 damage, and have 20/36 hp.
MASSIVE DAMAGE!!
You now have 4/17 mp.
The searing ray hits the orc warrior but does no damage.
The orc warrior is heavily wounded.
The orc warrior hits you with a +0 scimitar!
* * * LOW HITPOINT WARNING * * *
You take 11 damage, and have 9/36 hp.
MASSIVE DAMAGE!!
You now have 3/17 mp.
The searing ray hits the orc warrior but does no damage.
The orc warrior is heavily wounded.
The orc warrior completely misses you.
The searing ray hits the orc warrior.
The orc warrior is severely wounded.
You finish channelling your searing ray.
The orc warrior closely misses you.
You now have 2/17 mp.
You closely miss the orc warrior.
The orc warrior is severely wounded.
The orc warrior hits you with a +0 scimitar!
You die...

Skill      XL: |  1  2  3  4  5  6  7 |
---------------+----------------------+-----
Spellcasting   | 4 5 |  5.8
Dodging        | 3 4 5 |  5.8
Stealth        | 3 4 |  4.8
Conjurations   | 5 6 |  6.1
Fire Magic     | 2 3 |  3.2

Action                     |  1- 3 |  4- 6 |  7- 9 || total
---------------------------+-------+-------+-------++-------
  Melee: Hand axe          |       |       |     7 ||     7
   Cast: Magic Dart        |    85 |    74 |    10 ||   169
         Searing Ray       |     4 |    20 |    14 ||    38
    Use: Potion            |       |     1 |       ||     1
 Armour: Robe              |       |     5 |     1 ||     6
  Dodge: Dodged            |     3 |    10 |    18 ||    31

Levels and vault maps discovered:
D:1:      scummos_arrival_star, layout_loops_corners
D:2:      layout_basic
D:3:      layout_rooms
D:4:      layout_rooms, fedhas_altar_2,
          mainiacjoe_overflow_concentric_impassable,
          minmay_temple_entry_sparse_star, minmay_misc_feat_secret_circle
D:5:      nicolae_cairo_tiling_large_dashed, layout_rooms,
          mainiacjoe_overflow_paths, grunt_decor_resistance,
          minmay_manual_mares, uniq_ijyb
Temple:   eino_wide_crystal_templ

Notes
Turn   | Place    | Note
-------+----------+-------------------------------------------
     0 | D:1      | kingofthe the Deep Elf Conjurer began the quest for the
                  | Orb.
     0 | D:1      | Reached XP level 1. HP: 10/10 MP: 6/6
   292 | D:1      | Reached skill level 4 in Spellcasting
   292 | D:1      | Reached XP level 2. HP: 15/15 MP: 7/9
   353 | D:1      | Learned a level 2 spell: Searing Ray
   858 | D:1      | Reached XP level 3. HP: 19/19 MP: 6/10
  1774 | D:2      | Reached skill level 3 in Dodging
  1774 | D:2      | Reached skill level 3 in Stealth
  2385 | D:3      | Reached XP level 4. HP: 24/24 MP: 3/12
  2568 | D:3      | Reached skill level 5 in Conjurations
  3001 | D:4      | Found a staircase to the Ecumenical Temple.
  3014 | Temple   | Entered the Ecumenical Temple
  3039 | Temple   | Became a worshipper of Sif Muna the Loreminder
  3083 | D:4      | Found a blossoming altar of Fedhas.
  3152 | D:4      | Reached XP level 5. HP: 12/28 MP: 8/14
  3242 | D:4      | Reached skill level 4 in Dodging
  3464 | D:4      | Learned a level 4 spell: Sticky Flame
  3625 | D:4      | Found an opulent altar of Gozag.
  3633 | D:4      | Reached skill level 5 in Spellcasting
  3647 | D:4      | Reached XP level 6. HP: 32/32 MP: 4/15
  3753 | D:4      | Reached skill level 1 in Fire Magic
  3968 | D:5      | Entered Level 5 of the Dungeon
  3976 | D:5      | Reached skill level 4 in Stealth
  4142 | D:5      | Reached skill level 5 in Dodging
  4142 | D:5      | Reached skill level 2 in Fire Magic
  4326 | D:5      | Noticed Ijyb
  4332 | D:5      | Killed Ijyb
  4368 | D:5      | Reached XP level 7. HP: 17/36 MP: 8/17
  4543 | D:5      | Reached skill level 6 in Conjurations
  4650 | D:5      | Reached skill level 3 in Fire Magic
  4773 | D:5      | Reached * piety under Sif Muna
  4952 | D:5      | Mangled by an orc warrior

Vanquished Creatures
  A black bear (D:5)
  A scorpion (D:5)
  2 necrophages
  2 hounds (D:5)
  3 orc priests
  A jelly (D:4)
  A gnoll bouda (D:5)
  Ijyb (D:5)
  3 orc wizards (D:5)
  6 adders
  4 gnolls (D:5)
  An ufetubus (D:4)
  4 dart slugs
  A worm (D:3)
  12 orcs
  5 endoplasms
  2 giant cockroaches
  6 goblins
  6 hobgoblins
  2 jackals (D:4)
  6 kobolds
  6 quokkas
  8 ball pythons
  4 bats (D:1)
  4 frilled lizards
  6 rats
98 creatures vanquished.

Table legend: (Time is in decaauts)
 A = Elapsed time spent in this place.
 B = Non-inter-level travel time spent in this place.
 C = Inter-level travel time spent in this place.
 D = Time resting spent in this place.
 E = Time spent auto-exploring this place.
 F = Levels seen in this place.
 G = Mean time per level.
                   A        B        C        D        E       F      G
               +--------+--------+--------+--------+--------+-----+--------+
         Total |   4950 |   4841 |    109 |    176 |   4084 |   6 |  825.0 |
       Dungeon |   4889 |   4792 |     97 |    176 |   4053 |   5 |  977.8 |
        Temple |     60 |     48 |     12 |      0 |     31 |   1 |   60.0 |
               +--------+--------+--------+--------+--------+-----+--------+

Top non-repeatable levels by time:
     D:1: 1385 daAuts
     D:4: 1023 daAuts
     D:5: 984 daAuts
     D:2: 834 daAuts
     D:3: 662 daAuts
  Temple: 60 daAuts

Table legend:
 A = Non-vault XP
 B = Vault XP
 C = Vault XP percentage of total XP
 D = Non-vault monster count
 E = Vault monster count
 F = Vault count percentage of total count
                 A         B        C        D         E       F
            +---------+---------+-------+---------+---------+-------
      Total |    1069 |      36 |   3.3 |      97 |       1 |   1.0
            +---------+---------+-------+---------+---------+-------
        D:1 |      50 |       0 |   0.0 |      30 |       0 |   0.0
        D:2 |      38 |       0 |   0.0 |      10 |       0 |   0.0
        D:3 |      70 |       0 |   0.0 |      12 |       0 |   0.0
        D:4 |     272 |       0 |   0.0 |      24 |       0 |   0.0
        D:5 |     639 |      36 |   5.3 |      21 |       1 |   4.5
            +---------+---------+-------+---------+---------+-------
